 Dungeon Crawl Stone Soup version 0.27.0-1-g7a089689b8 (webtiles) character file.

Game seed: 1088588461567581679

2966 dtburroughs the Cleaver (level 9, -1/82 HPs)
             Began as a Minotaur Berserker on Aug 4, 2021.
             Was an Elder of Trog.
             Slain by an orc warrior (6 damage)
             ... in a bailey.
             The game lasted 00:13:32 (5208 turns).

dtburroughs the Cleaver (Minotaur Berserker)        Turns: 5208, Time: 00:13:33

Health: -1/82      AC: 12    Str: 29    XL:     9   Next: 52%
Magic:  8/8        EV: 11    Int:  7    God:    Trog [****..]
Gold:   459        SH:  0    Dex:  9    Spells: 8/8 levels left

rFire    . . .     SeeInvis .   p - +0 battleaxe
rCold    . . .     Faith    .   (shield currently unavailable)
rNeg     . . .     Spirit   .   q - +0 chain mail
rPois    .         Reflect  .   (helmet restricted)
rElec    .         Harm     .   z - +0 cloak
rCorr    .         Rampage  .   (no gloves)
Will     .....                  (no boots)
Stlth    ..........             d - amulet of regeneration
HPRegen  1.23/turn              g - +6 ring of strength
MPRegen  0.11/turn              n - ring of flight

@: flying
A: horns 2, retaliatory headbutt
a: Renounce Religion, Berserk, Trog's Hand, Brothers in Arms


You were in a bailey.
You worshipped Trog.
Trog was greatly pleased with you.
You visited 1 branch of the dungeon, and saw 7 of its levels.
You also visited: Bailey.

You collected 459 gold pieces.

Inventory:

Hand Weapons
 p - a +0 battleaxe (weapon)
 u - a +1 vorpal flail
Armour
 q - a +0 chain mail (worn)
 z - a +0 cloak (worn)
Jewellery
 d - an amulet of regeneration (around neck)
 g - a +6 ring of strength (left hand)
 n - a ring of flight (right hand)
 x - a ring of protection from cold
Wands
 b - a wand of charming (9)
 w - a wand of iceblast (11)
 y - a wand of digging (5)
Scrolls
 c - a scroll of enchant armour {unknown}
 f - a scroll of teleportation {unknown}
 l - a scroll of magic mapping {unknown}
 m - 2 scrolls of fog {unknown}
 o - a scroll of amnesia {unknown}
 t - a scroll of vulnerability {unknown}
 v - a scroll of brand weapon {unknown}
Potions
 a - 2 potions of haste
 e - 3 potions of heal wounds
 h - 3 potions of berserk rage
 j - 4 potions of mutation
 k - 4 potions of curing
 r - a potion of lignification {unknown}
 s - a potion of flight {unknown}


   Skills:
 + Level 8.8 Fighting
 + Level 8.8 Axes
 + Level 8.3 Armour
 + Level 7.6 Dodging


You had 8 spell levels left.
You didn't know any spells.
Your spell library was empty.

Dungeon Overview and Level Annotations

Branches:
Dungeon (7/15)             Bailey (1/1)
 Temple: D:4-7

Altars:
Fedhas
Beogh


Innate Abilities, Weirdness & Mutations

You have a pair of horns on your head.
You reflexively headbutt those who attack you in melee.


Message History

The orc shouts!
An orc comes into view. It is wielding a +0 spear.
The orc shouts!
The orc sings a few bars from the Orcish anthem.
The orc closely misses you. x2
You slash the orc!
You kill the orc!
Trog accepts your kill. The orc barely misses you.
The orc hits you with a +0 halberd. The orc barely misses you.
The orc warrior closely misses you.
The orc hits you from afar with a +0 halberd!
The orc barely misses you. x2
There is an open door, spattered with blood here.
You see here a +0 war axe.
You hit the orc but do no damage. Your headbutt misses the orc.
You closely miss the orc warrior. You completely miss the orc.
The orc warrior hits you from afar with a +0 glaive!
The orc warrior closely misses you. You furiously retaliate!
You headbutt the orc warrior. The orc barely misses you.
The orc hits you with a +0 halberd.
The orc warrior hits you from afar with a +0 spear.
The orc closely misses you.
The orc hits you from afar with a +0 halberd!
The orc warrior hits you but does no damage.
The orc warrior hits you with a +0 spear!
You closely miss the orc. You slice the orc!!
You kill the orc!
Trog accepts your kill.
You barely miss the orc warrior. The orc hits you but does no damage.
The orc barely misses you. The orc misses you.
The orc warrior hits you from afar with a +0 spear!
* * * LOW HITPOINT WARNING * * *
The orc barely misses you. The orc hits you but does no damage.
The orc warrior hits you from afar with a +0 glaive!!
* * * LOW HITPOINT WARNING * * *
The orc barely misses you. The orc hits you but does no damage.
The orc barely misses you. The orc hits you but does no damage.
The orc warrior hits you from afar with a +0 spear.
You die...

#.......#
#.......#
##.....##
###'###
#...#
#...#
#...#
#...#
##@##
#o)oo.#


#.ooooo.# #..oo...# #.......# #.......# #.......# ##.....## You could see 3 orc
warriors and 7 orcs.

Vanquished Creatures
  Grinder (D:5)
  Sigmund (D:5)
  Eustachio (D:6)
  A steam dragon (D:7)
  A water moccasin (D:5)
  2 orc warriors
  A sky beast (D:6)
  2 black bears (D:5)
  An ogre (D:5)
  2 phantoms
  A centaur (D:5)
  A kobold brigand (D:5)
  A bullfrog (D:6)
  Blork the orc (D:5)
  3 scorpions (D:6)
  A water moccasin skeleton (D:3)
  2 howler monkeys (D:7)
  A centaur zombie (D:6)
  A bullfrog skeleton (D:5)
  5 hounds
  4 jellies
  Crazy Yiuf (D:6)
  5 orc priests
  3 iguanas
  5 orc wizards
  10 adders
  4 white imps
  A worm (D:5)
  2 dart slugs
  37 orcs
  5 endoplasms
  5 giant cockroaches
  12 goblins
  8 hobgoblins
  2 jackals (D:1)
  A quokka (D:2)
  6 ball pythons
  3 bats (D:3)
  2 frilled lizards
  5 kobolds
  3 rats
154 creatures vanquished.

Notes
Turn   | Place    | Note
-------+----------+-------------------------------------------
     0 | D:1      | dtburroughs the Minotaur Berserker began the quest for the
                  | Orb.
     0 | D:1      | Reached XP level 1. HP: 19/19 MP: 0/0
   134 | D:1      | Found a faded altar of an unknown god.
   144 | D:1      | Reached XP level 2. HP: 27/27 MP: 1/1
   670 | D:2      | Reached XP level 3. HP: 33/33 MP: 2/2
   942 | D:2      | Reached ** piety under Trog
  1241 | D:3      | Reached XP level 4. HP: 41/41 MP: 3/3
  1700 | D:3      | Noticed a phantom
  1702 | D:3      | Reached XP level 5. HP: 47/47 MP: 4/4
  1718 | D:3      | Killed a phantom
  1950 | D:4      | Noticed a phantom
  1961 | D:4      | Killed a phantom
  1962 | D:4      | Reached skill level 5 in Fighting
  1962 | D:4      | Reached skill level 5 in Axes
  1962 | D:4      | Reached XP level 6. HP: 48/56 MP: 5/5
  1999 | D:4      | Noticed an orc warrior
  2018 | D:4      | Killed an orc warrior
  2507 | D:4      | Reached XP level 7. HP: 45/62 MP: 6/6
  2699 | D:4      | Reached skill level 5 in Armour
  2999 | D:5      | Entered Level 5 of the Dungeon
  3166 | D:5      | Reached *** piety under Trog
  3325 | D:5      | Reached skill level 5 in Dodging
  3457 | D:5      | Noticed Blork the orc
  3473 | D:5      | Killed Blork the orc
  3510 | D:5      | Reached XP level 8. HP: 32/71 MP: 7/7
  3577 | D:5      | Noticed Sigmund
  3596 | D:5      | Killed Sigmund
  3859 | D:5      | Noticed Grinder
  3883 | D:5      | Killed Grinder
  3886 | D:5      | Found a blossoming altar of Fedhas.
  3997 | D:5      | Reached XP level 9. HP: 80/81 MP: 8/8
  4166 | D:6      | Noticed Eustachio
  4184 | D:6      | Killed Eustachio
  4326 | D:6      | Reached **** piety under Trog
  4611 | D:6      | Found a runed translucent door.
  4612 | D:6      | Noticed Crazy Yiuf
  4704 | D:6      | Found a faded altar of an unknown god.
  4789 | D:6      | Killed Crazy Yiuf
  5126 | D:7      | Found a flagged portal.
  5133 | Bailey   | Entered a bailey
  5208 | Bailey   | Slain by an orc warrior

Illustrated notes

Levels and vault maps discovered:
D:1:      eino_arrival_cavern_b, layout_rooms, hellmonk_ecumenical_altar_blasted
D:2:      minmay_recursive_quarters, layout_basic
D:3:      layout_basic
D:4:      layout_loops_corners, kennysheep_orc_chapel
D:5:      minmay_skewed_foursquare, layout_cave_pools, old_standard_altar,
          gup_sewer_entry_bowl, hangedman_abyss_or_decor_lesser_grid,
          minmay_manual_moon, uniq_blork_the_orc, uniq_grinder, uniq_sigmund
D:6:      layout_cave_pools, serial_column_ruins,
          column_ruins_courtyard_long_water, column_ruins_temple_hall,
          column_ruins_columns_straight, column_ruins_grid_2,
          column_ruins_open_tiny, column_ruins_columns_dead_end,
          column_ruins_grid_2, column_ruins_corridor_straight,
          column_ruins_open_tiny, uniq_crazy_yiuf_cottage, uniq_eustachio
D:7:      layout_basic, minmay_temple_entry_slanted, enter_bailey_3
Bailey:   bailey_polearm_5, bailey

Skill      XL: |  1  2  3  4  5  6  7  8  9 |
---------------+----------------------------+-----
Fighting       | 4 5 6 7 8 |  8.8
Axes           | 4 5 6 7 8 |  8.8
Armour         | 3 4 5 7 8 |  8.3
Dodging        | 3 4 5 6 7 |  7.6

Action                   |  1- 3 |  4- 6 |  7- 9 || total
-------------------------+-------+-------+-------++-------
Melee: Hand axe          |    76 |    55 |       ||   131
       Headbutt          |    13 |    14 |    44 ||    71
       Battleaxe         |       |    15 |   205 ||   220
Invok: Trog's Hand       |     1 |     1 |     4 ||     6
       Berserk           |       |     1 |     1 ||     2
  Use: Scroll            |       |       |     5 ||     5
Armor: Ring mail         |    22 |    15 |       ||    37
       Chain mail        |       |     7 |   153 ||   160
Dodge: Dodged            |    44 |    38 |   188 ||   270
